Map: Lockdown LE

Players

UEDдемонFan

  • Race: Protoss Protoss
  • League: Master
  • Spawn Location: 1:00

ByuN - Winner!

  • Race: Terran Terran
  • League: Grandmaster
  • Spawn Location: 7:00

VOD

Have the link to the VOD?

Description

Time

  • Played on: June 23, 2026, 7:18 a.m.
  • Length: 11:02
Show
View Real Time Build Order
Export as new Build Order

UEDдемонFan Protoss 

Build Orders: Blink Stalkers, Colossus Rush 

Get SALT Encoding   

  8  0:00  Probe (Chrono Boost)  
  9  0:12  Probe (Chrono Boost)  
  10  0:19  Probe (Chrono Boost)  
  11  0:26  Probe  
  12  0:32  Pylon  
  12  0:38  Probe  
  13  0:51  Probe  
  13  0:54  Gateway  
  14  1:03  Probe (Chrono Boost)  
  15  1:04  Assimilator  
  16  1:12  Probe (Chrono Boost)  
  16  1:17  Probe (Chrono Boost)  
  17  1:29  Probe  
  18  1:41  Probe  
  18  1:42  Cybernetics Core  
  19  1:59  Nexus  
  19  2:07  Pylon  
  20  2:17  Adept (Chrono Boost)  
  20  2:22  Assimilator  
  21  2:23  Probe  
  21  2:27  Warp Gate  
  21  2:36  Probe  
  22  2:40  Stalker  
  24  2:48  Probe  
  25  2:57  Twilight Council  
  25  3:00  Probe  
  26  3:07  Stalker  
  26  3:11  Probe (Chrono Boost)  
  30  3:13  Probe (Chrono Boost)  
  30  3:23  Probe (Chrono Boost)  
  30  3:25  Probe (Chrono Boost)  
  32  3:28  Blink (Chrono Boost)  
  32  3:32  Probe x2 (Chrono Boost)  
  34  3:38  Probe x2  
  36  3:50  Probe x2  
  36  3:51  Pylon  
  38  3:59  Gateway  
  38  4:02  Probe x2  
  40  4:08  Stalker  
  42  4:14  Probe  
  42  4:15  Probe  
  44  4:18  Robotics Facility  
  44  4:22  Pylon  
  44  4:26  Probe  
  44  4:27  Probe, Stalker  
  48  4:34  Assimilator  
  48  4:38  Probe  
  48  4:39  Probe  
  48  4:43  Stalker  
  52  4:46  Pylon, Stalker  
  52  4:50  Probe  
  52  4:51  Probe  
  56  4:55  Assimilator  
  56  5:00  Stalker  
  56  5:04  Stalker  
  56  5:05  Probe  
  61  5:07  Probe  
  61  5:09  Robotics Bay  
  61  5:11  Pylon  
  62  5:17  Probe  
  62  5:19  Probe  
  59  5:29  Probe  
  59  5:31  Probe  
  62  5:44  Stalker x2  
  66  5:51  Nexus  
  66  5:53  Pylon  
  65  5:57  Colossus (Chrono Boost)  
  71  6:06  Extended Thermal Lance  
  71  6:09  Probe x2  
  73  6:21  Probe x2  
  73  6:23  Pylon  
  75  6:33  Probe  
  75  6:34  Colossus (Chrono Boost)  
  75  6:35  Forge  
  82  6:44  Gateway  
  82  6:45  Probe, Gateway  
  83  6:52  Probe  
  84  6:57  Probe  
  84  6:59  Zealot, Sentry  
  89  7:03  Shield Battery, Probe  
  89  7:04  Protoss Ground Weapons Level 1 (Chrono Boost), Probe  
  91  7:11  Probe  
  91  7:15  Colossus (Chrono Boost), Probe  
  92  7:18  Probe  
  100  7:23  Probe  
  100  7:27  Stalker, Zealot  
  100  7:29  Probe  
  103  7:31  Shield Battery  
  103  7:34  Charge  
  103  7:39  Shield Battery  
  103  7:45  Probe x2  
  103  7:48  Pylon  
  100  7:57  Probe  
  100  7:58  Zealot  
  102  8:01  Pylon  
  102  8:10  Stalker x3  
  102  8:11  Probe  
  102  8:12  Nexus  
  103  8:19  Assimilator, Probe x2  
  105  8:21  Assimilator  
  105  8:23  Zealot, Probe  
  105  8:26  Colossus (Chrono Boost)  
  106  8:31  Probe  
  108  8:38  Stalker  
  108  8:39  Probe  
  104  8:43  Probe  
  104  8:44  Probe  
  106  8:50  Pylon  
  106  8:52  Probe  
  106  8:53  Pylon  
  107  8:57  Nexus  
  107  8:58  Pylon  
  107  9:01  Gateway  
  108  9:02  Probe  
  108  9:03  Gateway  
  108  9:05  Probe  
  108  9:06  Gateway  
  108  9:08  Gateway  
  108  9:09  Warp Prism (Chrono Boost)  
  111  9:10  Probe  
  111  9:15  Zealot x2  
  116  9:19  Robotics Facility  
  116  9:20  Probe  
  116  9:21  Probe  
  118  9:27  Probe  
  118  9:30  Pylon  
  119  9:32  Sentry  
  119  9:33  Stalker  
  119  9:38  Stalker x2  
  127  9:41  Probe, Disruptor (Chrono Boost)  
  127  9:42  Pylon, Probe  
  133  9:50  Pylon, Gateway  
  134  9:52  Probe  
  134  9:53  Probe  
  134  9:59  Stalker  
  137  10:00  Pylon  
  137  10:01  Sentry  
  137  10:03  Stalker  
  141  10:10  Disruptor (Chrono Boost), Stalker x2  
  149  10:17  Disruptor (Chrono Boost)  
  139  10:30  Stalker x3  
  129  10:36  Zealot x2  
  129  10:37  Zealot x3, Probe  
  129  10:42  Probe  
  134  10:47  Probe  
  134  10:49  Assimilator  
  137  10:50  Assimilator, Pylon  
Show
View Real Time Build Order
Export as new Build Order

ByuN Terran - Winner!

Build Orders: Reaper Expand 

Get SALT Encoding   

  8  0:00  SCV  
  9  0:12  SCV  
  10  0:24  SCV  
  11  0:37  SCV  
  11  0:39  Supply Depot  
  12  0:49  SCV  
  13  1:01  SCV  
  13  1:03  Barracks  
  14  1:05  Refinery  
  14  1:13  SCV  
  15  1:25  SCV  
  16  1:38  SCV  
  17  1:50  Reaper, Orbital Command  
  18  2:15  Command Center  
  18  2:19  SCV  
  19  2:27  Supply Depot  
  19  2:30  Marine  
  19  2:34  SCV  
  21  2:44  Factory  
  21  2:48  Barracks Reactor  
  21  2:49  SCV  
  22  2:56  Refinery  
  22  3:01  SCV  
  23  3:13  SCV  
  24  3:25  SCV  
  24  3:26  Marine x2  
  27  3:28  Widow Mine  
  27  3:29  Starport  
  27  3:32  Orbital Command  
  29  3:37  SCV  
  30  3:46  Marine  
  30  3:47  Marine  
  32  3:49  SCV  
  32  3:50  Widow Mine  
  35  4:01  SCV  
  35  4:02  SCV  
  37  4:03  Supply Depot  
  37  4:06  Medivac  
  39  4:12  Widow Mine  
  39  4:14  SCV  
  42  4:24  Bunker  
  42  4:25  Marine x2, Supply Depot  
  42  4:28  SCV x2  
  46  4:33  Supply Depot  
  46  4:35  Factory Tech Lab  
  46  4:36  Starport Tech Lab  
  46  4:40  SCV x2  
  48  4:50  Barracks  
  48  4:52  SCV x2  
  50  4:55  Supply Depot  
  50  4:56  Siege Tank  
  50  4:59  Raven  
  55  5:01  Marine x2  
  55  5:06  SCV x2  
  59  5:16  Barracks  
  59  5:18  SCV  
  59  5:19  SCV  
  59  5:26  Marine x2  
  59  5:30  SCV  
  59  5:31  Refinery, SCV, Engineering Bay  
  59  5:32  Supply Depot  
  59  5:34  Siege Tank  
  64  5:42  SCV  
  65  5:43  SCV  
  65  5:46  Starport Reactor  
  65  5:48  Marine x2  
  65  5:49  Refinery, Marauder  
  70  5:53  Supply Depot  
  70  5:55  Stimpack  
  70  5:58  SCV x2  
  72  6:05  Terran Infantry Weapons Level 1  
  72  6:10  Marine x2, Marauder  
  76  6:17  SCV x2  
  74  6:23  Factory Tech Lab  
  74  6:28  Supply Depot x2  
  74  6:31  Combat Shield  
  74  6:33  Marauder  
  74  6:34  Marauder  
  74  6:35  Marine x2  
  80  6:44  Medivac  
  80  6:46  Widow Mine  
  84  6:47  Medivac  
  84  6:53  Marine x2  
  88  6:54  Marauder  
  88  6:56  Marauder  
  88  7:00  Command Center  
  92  7:08  Barracks  
  92  7:09  Barracks  
  92  7:12  Supply Depot, Siege Tank  
  95  7:21  Marauder x2, Marine x2  
  101  7:23  SCV  
  101  7:29  SCV  
  103  7:35  SCV  
  104  7:42  Marauder x2  
  104  7:43  Marine x2  
  109  7:47  Medivac x2  
  112  7:54  Siege Tank  
  114  8:02  Barracks Tech Lab, Barracks Reactor  
  114  8:06  Marine x2  
  114  8:07  Marauder x2  
  114  8:09  Supply Depot  
  114  8:10  SCV, Supply Depot  
  111  8:15  SCV  
  112  8:22  SCV, Marauder  
  112  8:24  Marine x2  
  116  8:27  Concussive Shells  
  116  8:28  Orbital Command, Marauder  
  106  8:42  Marauder  
  106  8:43  Marauder  
  106  8:46  SCV x2, Marine x3  
  106  8:47  Marine, Terran Infantry Armor Level 1  
  116  8:51  Siege Tank  
  116  8:53  Orbital Command  
  119  8:57  Viking  
  119  8:59  Viking  
  124  9:05  SCV x2  
  125  9:11  Marauder x3  
  125  9:13  Sensor Tower  
  125  9:17  SCV x2  
  132  9:18  Supply Depot  
  132  9:19  SCV  
  132  9:22  Supply Depot  
  132  9:23  Supply Depot  
  134  9:27  Viking  
  134  9:29  SCV x2, Refinery  
  138  9:31  SCV  
  138  9:34  Refinery, Factory Reactor  
  138  9:36  Marauder x3  
  145  9:41  SCV x2  
  145  9:43  Armory, SCV  
  145  9:45  Engineering Bay  
  148  9:53  SCV x2, Viking  
  148  9:56  SCV  
  148  9:57  Viking, Marauder x2  
  148  9:58  Marauder, Starport  
  148  9:59  Marine x2  
  163  10:01  Marine x2  
  165  10:10  SCV  
  165  10:11  SCV x2  
  168  10:18  Command Center  
  166  10:24  Marauder  
  166  10:26  Marine, Marauder  
  143  10:35  Marauder  
  135  10:36  Marine x2  
  133  10:46  Command Center  
Tags
 
Add a new tag
Caveats
  • Supply blocks, unpowered buildings, or Contaminate may cause inaccurate times.
  • Supply counts are checked every 10 seconds.